 Dungeon Crawl Stone Soup version 0.29.0-15-g675c0067aa (webtiles) character file.

Game seed: 3415836048369588170

186 qw the Sneak (level 5, -3/32 HPs)
             Began as a Gargoyle Delver on Sept 11, 2022.
             Slain by a necrophage (5 damage)
             ... on level 5 of the Dungeon.
             The game lasted 00:00:05 (79 turns).

qw the Sneak (Gargoyle Delver)                        Turns: 79, Time: 00:00:05

Health: -3/32      AC:  7    Str: 18    XL:     5   Next: 66%
Magic:  5/5        EV: 11    Int: 10    God:
Gold:   13         SH:  0    Dex: 11    Spells: 4/4 levels left

rFire   . . .      SeeInvis .   i - +8 hand axe of the Bespelled God {venom, rC+}
rCold   + . .      Faith    .   (no shield)
rNeg    + . .      Spirit   .   b - +0 leather armour
rPois   inf        Reflect  .   (no helmet)
rElec   +          Harm     .   (no cloak)
rCorr   .          Rampage  .   (no gloves)
Will    .....                   (no boots)
Stlth   +++.......              (no amulet)
HPRegen 0.10/turn               (no ring)
MPRegen 0.09/turn               (no ring)

@: no status effects
A: sickness immunity, AC +4, negative energy resistance 1, electricity
resistance, torment resistance 1, petrification resistance
a: no special abilities


You were on level 5 of the Dungeon.
You visited 1 branch of the dungeon, and saw 1 of its levels.

You collected 13 gold pieces.


Innate Abilities, Weirdness & Mutations

You are immune to sickness and miasma.
Your stone body is resilient. (AC +4)
You are immune to poison.
You resist negative energy. (rN+)
You are resistant to electric shocks. (rElec)
You are resistant to unholy torment.
You are immune to petrification.


   Skills:
 + Level 3.2 Fighting
 - Level 5.2 Axes
 - Level 1.5 Dodging
 - Level 5.4 Stealth


You had 4 spell levels left.
You didn't know any spells.
Your spell library was empty.

Inventory:

Hand Weapons
 i - the +8 hand axe of the Bespelled God (weapon) {venom, rC+}
   (You found it on level 5 of the Dungeon)

   It poisons the flesh of those it strikes.
   rC:        It protects you from cold.
Armour
 b - a +0 leather armour (worn)
Wands
 g - a wand of digging (3)
Scrolls
 c - a scroll of fog
 d - a scroll of magic mapping
 e - a scroll of fear
 h - a scroll of identify {unknown}
Potions
 f - a potion of haste

Dungeon Overview and Level Annotations

Branches:
Dungeon (5/15)
 Temple: D:4-7

Altars:


Message History

You kill the orc wizard!
Your Axes skill increases to level 4!
You have reached level 4!
You feel stronger.
You slash the ogre!
The ogre is poisoned.
The ogre is moderately wounded.
You slash the orc!
You kill the orc!
The ogre hits you with a +0 giant club!
You hit the ogre.
The ogre looks as sick as possible!
The ogre is heavily wounded.
You closely miss the orc priest. The orc priest misses you.
The ogre hits you with a +0 giant club.
You slash the ogre!
You kill the ogre!
You closely miss the orc priest. The orc priest hits you with a +0 club.
You have reached level 5!
You hit the orc priest.
The orc priest is poisoned.
The orc priest is moderately wounded.
The orc priest misses you.
You slash the orc priest!
You kill the orc priest!
Your Axes skill increases to level 5!
You start resting.
A necrophage comes into view.
An orc comes into view. It is wielding a +0 short sword.
You slash the necrophage!
The necrophage is heavily damaged.
The necrophage closely misses you.
You barely miss the necrophage.
The necrophage is heavily damaged.
The necrophage closely misses you.
You closely miss the necrophage.
The necrophage is heavily damaged.
The necrophage hits you.
You slash the necrophage!
The necrophage is severely damaged.
An orc comes into view. It is wielding a +0 club.
The necrophage hits you.
You die...

..... . .......
.. # #.#...#
##..>
#.#.#........#
##.#.#.#.#....
.....#...O.#
#.#...#.#
#.#n##..#
######.#@o.?.#
........)#.#...o#
######..#.#......
#...#.###.###
#.....# .#
#.....# .#
########
##..(..###
#......#
####..........
#......#
#.............


You could see a necrophage and 2 orcs.

Vanquished Creatures
  An ogre (D:5)
  A howler monkey (D:5)
  An orc priest (D:5)
  An orc wizard (D:5)
  4 orcs (D:5)
8 creatures vanquished.

Notes
Turn   | Place    | Note
-------+----------+-------------------------------------------
     0 | D:5      | qw the Gargoyle Delver began the quest for the Orb.
     0 | D:5      | Reached XP level 1. HP: 14/14 MP: 1/1
     0 | D:5      | 0 ||| qw: Version: 0.1-a-118-gb4e7ce6
     0 | D:5      | 0 ||| qw: Game counter: 10477
     0 | D:5      | 0 ||| qw: Always use a shield: true
     0 | D:5      | 0 ||| qw: God list: Okawaru
     0 | D:5      | 0 ||| qw: Allow faded altars: false
     0 | D:5      | 0 ||| qw: Do Orc after D:15 true
     0 | D:5      | 0 ||| qw: Do second Lair branch before Depths: true
     0 | D:5      | 0 ||| qw: Lair rune preference: random
     0 | D:5      | 0 ||| qw: Plans: Normal
     0 | D:5      | 0 ||| PLANNING D:1-11
     8 | D:5      | Identified the +8 hand axe of the Bespelled God {venom,
                  | rC+}
    10 | D:5      | 10 ||| SWAPPING to +8 hand axe of the Bespelled God {venom,
                  | rC+}.
    11 | D:5      | 11 ||| DROPPING +0 hand axe.
    33 | D:5      | Noticed a howler monkey
    47 | D:5      | Noticed an ogre
    49 | D:5      | Killed a howler monkey
    49 | D:5      | Noticed an orc priest
    50 | D:5      | Reached skill level 3 in Axes
    50 | D:5      | Reached XP level 2. HP: 16/19 MP: 2/2
    50 | D:5      | Reached XP level 3. HP: 19/23 MP: 3/3
    50 | D:5      | 50 ||| Stepping ~*~*~tactically~*~*~ (hiding).
    51 | D:5      | 51 ||| Stepping ~*~*~tactically~*~*~ (hiding).
    52 | D:5      | 52 ||| Stepping ~*~*~tactically~*~*~ (hiding).
    53 | D:5      | 53 ||| Stepping ~*~*~tactically~*~*~ (hiding).
    58 | D:5      | Reached XP level 4. HP: 21/28 MP: 4/4
    59 | D:5      | HP: 6/28 [ogre/+0 giant club (5)]
    60 | D:5      | Killed an ogre
    61 | D:5      | Reached XP level 5. HP: 6/32 MP: 5/5
    78 | D:5      | HP: 1/32 [necrophage (6)]
    79 | D:5      | Slain by a necrophage

Levels and vault maps discovered:
D:5:      layout_basic

Skill      XL: |  1  2  3  4  5 |
---------------+----------------+-----
Axes           | 3 4 5 |  5.2
Fighting       | |  3.2
Dodging        | |  1.5
Stealth        | |  5.4

Action                   |  1- 3 |  4- 6 || total
-------------------------+-------+-------++-------
Melee: Hand axe          |     6 |     9 ||    15
Armor: Leather armour    |     3 |       ||     3
Dodge: Dodged            |     4 |     4 ||     8

Table legend:
 A = Non-vault XP
 B = Vault XP
 C = Vault XP percentage of total XP
 D = Non-vault monster count
 E = Vault monster count
 F = Vault count percentage of total count
                 A         B        C        D         E       F
            +---------+---------+-------+---------+---------+-------
      Total |     267 |       0 |   0.0 |       8 |       0 |   0.0
            +---------+---------+-------+---------+---------+-------
        D:5 |     267 |       0 |   0.0 |       8 |       0 |   0.0
            +---------+---------+-------+---------+---------+-------
